 Dungeon Crawl Stone Soup version 0.22-a0-322-g60b3cfd (webtiles) character file.

28 xccam the Ruffian (level 3, -6/25 HPs)
             Began as a Gnoll Wanderer on Apr 4, 2018.
             Mangled by a gnoll
             ... wielding a +0 spear
              (8 damage)
             ... on level 2 of the Dungeon.
             The game lasted 00:09:45 (868 turns).

xccam the Ruffian (Gnoll Wanderer)                   Turns: 868, Time: 00:09:45

Health: -6/25      AC:  6    Str: 19    XL:     3   Next: 12%
Magic:  16/18      EV: 11    Int: 16    God:
Gold:   65         SH:  4    Dex: 13    Spells: 12/12 levels left

rFire    . . .     SeeInvis .     - Unarmed
rCold    . . .     Gourm    .   c - +0 buckler
rNeg     . . .     Faith    .   l - +0 scale mail
rPois    .         Spirit   .   (no helmet)
rElec    .         Reflect  .   (no cloak)
rCorr    .         Harm     .   (no gloves)
MR       .....                  (no boots)
Stlth    ..........             (no amulet)
HPRegen  0.08/turn              i - ring of magical power
MPRegen  0.16/turn              a - ring of loudness (curse)

@: mighty
A: distributed training, fangs 1, strong nose
a: no special abilities


You were on level 2 of the Dungeon.
You were not hungry.

You visited 1 branch of the dungeon, and saw 2 of its levels.

You collected 65 gold pieces.

Inventory:

Armour
 c - a +0 buckler (worn)
 l - a +0 scale mail (worn)
Jewellery
 a - a cursed ring of loudness (right hand)
 i - a ring of magical power (left hand)
Scrolls
 b - 2 scrolls of enchant weapon
 g - 2 scrolls of identify
Comestibles
 f - a ration


   Skills:
 + Level 0.6 Fighting
 + Level 0.6 Short Blades
 + Level 0.6 Long Blades
 + Level 0.6 Axes
 + Level 0.6 Maces & Flails
 + Level 0.6 Polearms
 + Level 0.6 Staves
 + Level 0.6 Slings
 + Level 0.6 Bows
 + Level 0.6 Crossbows
 + Level 0.6 Throwing
 + Level 0.6 Armour
 + Level 4.5 Dodging
 + Level 2.3 Stealth
 + Level 2.5 Shields
 + Level 6.5 Unarmed Combat
 + Level 5.0 Spellcasting
 + Level 0.4 Conjurations
 + Level 0.4 Hexes
 + Level 0.4 Charms
 + Level 0.4 Summonings
 + Level 0.4 Necromancy
 + Level 0.4 Translocations
 + Level 0.4 Transmutations
 + Level 0.4 Fire Magic
 + Level 0.4 Ice Magic
 + Level 0.4 Air Magic
 + Level 2.1 Earth Magic
 + Level 0.4 Poison Magic
 + Level 0.8 Invocations
 + Level 0.6 Evocations


You had 12 spell levels left.
You didn't know any spells.

Dungeon Overview and Level Annotations

Branches:
Dungeon (2/15)

Altars:


Innate Abilities, Weirdness & Mutations

Your experience applies equally to all skills.
You have very sharp teeth.
Your uncanny sense of smell can sniff out nearby items.


Message History

You miss something. The bat hits you but does no damage. Something hits you!
Ouch! That really hurt!
It was a potion of might.
You feel very mighty all of a sudden. The bat hits you.
The bat closely misses you.
You punch the gnoll!
You kill the gnoll!
Your Spellcasting skill increases to level 5!
You have reached level 3!
Your experience leads to an increase in your attributes!
Your base attributes are Str 13, Int 16, Dex 13.
Increase (S)trength, (I)ntelligence, or (D)exterity?
You feel stronger. The bat barely misses you.
You miss something. The bat completely misses you. Something hits you.
The gnoll barely misses you.
You punch something! The bat closely misses you. Something hits you.
* * * LOW HITPOINT WARNING * * *
The gnoll hits you from afar with a spear!
You die...

......#*##.###**+**** *,,<*
......###<...# *,* *,***
.............###+####### ***+***
.....(.................# *,,,,,,
.......................# *,,,,,,
.......................##*#,,,,,,
......###..................,,,,,,
####### #.......b).........,,,,,,
#....#.#@####..r...,,,,,,
#....#.#.# *,...#*,,,,,,
##...#.#g####....##,,,,,,
#####.#....'g...'.,,,,,,
#.######....#.,,,,,, #.#
*,...#,,,,,,, #.# *,,..#,,,,,,,
#.# ****##,,,,,,, #.# *,**+***


You could see a gnoll and a bat.

Vanquished Creatures
  A gnoll (D:2)
  4 goblins
  3 hobgoblins (D:1)
  3 kobolds (D:1)
  2 bats (D:1)
  A frilled lizard (D:1)
  5 rats
19 creatures vanquished.

Notes
Turn   | Place    | Note
-------+----------+-------------------------------------------
     0 | D:1      | xccam the Gnoll Wanderer began the quest for the Orb.
     0 | D:1      | xccam set off with: a +0 buckler, a +0 robe, a +0 club, a ration
     0 | D:1      | Reached XP level 1. HP: 13/13 MP: 6/6
   424 | D:1      | Reached XP level 2. HP: 19/19 MP: 7/7
   866 | D:2      | Reached skill level 5 in Spellcasting
   866 | D:2      | Reached XP level 3. HP: 9/25 MP: 9/9
   868 | D:2      | Mangled by a gnoll

Vault maps used:
D:1:      dpeg_chamrin_arrival_tetris

Skill      XL: |  1  2 |
---------------+-------+-----
Earth Magic    | 2 |  2.1
Spellcasting   | 5 |  5.0
Fighting       | |  0.6
Short Blades   | |  0.6
Long Blades    | |  0.6
Axes           | |  0.6
Maces & Flails | |  0.6
Polearms       | |  0.6
Staves         | |  0.6
Slings         | |  0.6
Bows           | |  0.6
Crossbows      | |  0.6
Throwing       | |  0.6
Armour         | |  0.6
Dodging        | |  4.5
Stealth        | |  2.3
Shields        | |  2.5
Unarmed Combat | |  6.5
Conjurations   | |  0.4
Hexes          | |  0.4
Charms         | |  0.4
Summonings     | |  0.4
Necromancy     | |  0.4
Translocations | |  0.4
Transmutations | |  0.4
Fire Magic     | |  0.4
Ice Magic      | |  0.4
Air Magic      | |  0.4
Poison Magic   | |  0.4
Invocations    | |  0.8
Evocations     | |  0.6

Action                   || total
-------------------------++-------
Melee: Unarmed           ||    53
       Bite              ||     2
  Use: Scroll            ||     4
       Potion            ||     1
Armor: Robe              ||     4
       Scale mail        ||     9
Dodge: Dodged            ||    31
Block: Buckler           ||     6

Table legend:
 A = Spawn XP
 B = Non-spawn XP
 C = Spawn XP percentage of total XP
 D = Spawn monster count
 E = Non-spawn monster count
 F = Spawn count percentage of total count
 G = Total turns spent on level
                    A         B        C        D         E        F      G
               +---------+---------+-------+---------+---------+-------+---------
         Total |       0 |      40 |   0.0 |       0 |      19 |   0.0 |   868
               +---------+---------+-------+---------+---------+-------+---------
           D:1 |       0 |      24 |   0.0 |       0 |      16 |   0.0 |   790
           D:2 |       0 |      16 |   0.0 |       0 |       3 |   0.0 |    78
               +---------+---------+-------+---------+---------+-------+---------
